Map: Dusk Towers

Players

ReiToR

  • Race: Terran Terran
  • League: Master

Miszu - Winner!

  • Race: Terran Terran
  • League: Master

VOD

Have the link to the VOD?

Description

Time

  • Played on: April 13, 2016, 12:47 p.m.
  • Length: 9:14
Show
View Real Time Build Order
Export as new Build Order

ReiToR Terran 

Build Orders: 1/1/1, Banshee Rush 

Get SALT Encoding   

  12  0:01  SCV  
  13  0:13  SCV  
  14  0:18  Supply Depot  
  14  0:25  SCV  
  15  0:32  Refinery  
  15  0:40  SCV  
  16  0:44  Barracks  
  16  0:52  SCV  
  17  1:04  SCV  
  18  1:16  SCV  
  19  1:31  Orbital Command  
  19  1:33  Marine  
  19  1:34  Factory  
  20  1:41  Refinery  
  20  1:42  Supply Depot  
  20  1:51  Marine  
  21  1:58  SCV  
  22  2:09  Marine  
  22  2:10  SCV  
  24  2:18  Starport  
  24  2:19  Factory Tech Lab  
  24  2:21  Supply Depot  
  24  2:22  SCV  
  25  2:29  Marine  
  26  2:34  SCV  
  27  2:46  Widow Mine  
  29  2:51  SCV  
  30  3:00  Cloaking Field  
  30  3:01  Banshee  
  33  3:13  Command Center, SCV  
  33  3:16  Factory Tech Lab  
  33  3:19  Engineering Bay  
  34  3:21  Barracks Reactor  
  34  3:26  SCV  
  35  3:29  Supply Depot  
  35  3:39  SCV  
  35  3:40  Cyclone  
  39  3:48  Missile Turret  
  39  3:52  SCV  
  40  3:56  Banshee  
  40  3:57  Marine  
  40  4:00  Marine  
  45  4:06  SCV  
  44  4:15  Marine  
  41  4:18  Marine  
  30  4:36  SCV  
  30  4:37  Marine x2  
  30  4:40  Orbital Command  
  26  4:48  SCV  
  26  4:52  Banshee  
  30  4:55  Marine  
  30  4:59  Refinery  
  31  5:00  SCV  
  32  5:07  SCV  
  32  5:10  Marine  
  32  5:12  Marine  
  32  5:13  SCV  
  36  5:19  SCV  
  37  5:25  SCV  
  37  5:28  Marine, Siege Tank  
  36  5:30  Marine  
  40  5:43  Barracks  
  40  5:45  SCV  
  40  5:47  SCV  
  40  5:48  Barracks  
  42  5:50  Starport Reactor  
  42  5:57  SCV  
  42  5:59  SCV  
  42  6:01  Refinery  
  44  6:04  Marine  
  44  6:09  SCV  
  44  6:10  Marine  
  44  6:16  Siege Tank  
  44  6:17  SCV  
  48  6:22  Marine  
  49  6:31  Stimpack  
  49  6:32  Marine x2  
  51  6:34  SCV  
  51  6:35  Starport Reactor  
  51  6:37  SCV  
  53  6:45  Marine  
  55  6:49  SCV x2  
  56  6:54  Supply Depot  
  56  6:57  Supply Depot  
  57  7:01  Marine x3, SCV  
  57  7:02  SCV  
  61  7:12  Refinery  
  61  7:13  SCV  
  62  7:21  SCV  
  63  7:27  SCV  
  64  7:31  Marine x3  
  64  7:33  Marine  
  64  7:35  Command Center  
  64  7:36  SCV  
  69  7:39  Marine  
  69  7:42  Medivac  
  69  7:44  SCV  
  73  7:48  SCV  
  73  7:49  Marine  
  75  7:52  Marine  
  75  7:56  SCV  
  75  7:58  Supply Depot  
  77  8:01  Supply Depot, SCV  
  78  8:11  Supply Depot  
  78  8:15  Supply Depot  
  78  8:19  Marine x2, SCV  
  81  8:24  Marine x2  
  81  8:27  Marine  
  81  8:31  Medivac  
  81  8:32  Medivac  
  86  8:37  Marine x2  
  88  8:42  Marine  
  73  8:48  Marine  
Show
View Real Time Build Order
Export as new Build Order

Miszu Terran - Winner!

Build Orders: 1/1/1, MMM Bio 

Get SALT Encoding   

  12  0:01  SCV  
  13  0:13  SCV  
  14  0:21  Supply Depot  
  14  0:25  SCV  
  15  0:30  Refinery  
  15  0:43  SCV  
  15  0:46  Barracks  
  16  0:55  SCV  
  17  1:07  SCV  
  18  1:19  SCV  
  19  1:33  Orbital Command  
  19  1:34  Factory, Marine  
  20  1:49  Supply Depot  
  20  1:54  Marine  
  20  2:01  SCV  
  22  2:12  Marine  
  22  2:13  SCV  
  24  2:19  Starport, Hellion  
  24  2:22  Supply Depot  
  26  2:25  SCV  
  27  2:30  Engineering Bay, Marine  
  28  2:37  SCV  
  28  2:41  Hellion  
  31  2:47  Marine  
  31  2:48  Refinery  
  31  2:49  SCV  
  33  2:56  Medivac  
  35  2:58  Supply Depot  
  35  3:01  SCV  
  35  3:04  Hellion  
  38  3:06  Marine  
  39  3:14  Missile Turret  
  39  3:20  SCV  
  39  3:23  Supply Depot  
  39  3:26  Barracks Reactor  
  40  3:32  SCV, Factory Tech Lab  
  41  3:37  Viking  
  43  3:44  SCV  
  44  3:56  SCV  
  44  4:01  Cyclone  
  48  4:08  SCV  
  49  4:20  SCV  
  35  4:39  SCV  
  35  4:41  Siege Tank  
  35  4:44  Command Center  
  36  4:48  Viking  
  36  4:51  SCV  
  39  4:54  Missile Turret  
  39  4:58  Marine  
  39  4:59  Marine  
  41  5:03  SCV  
  42  5:11  Barracks  
  42  5:12  Barracks  
  42  5:15  SCV  
  42  5:27  SCV  
  43  5:29  Marine x2  
  43  5:33  Starport Reactor  
  43  5:35  Missile Turret  
  45  5:39  SCV  
  46  5:47  Marine x2  
  48  5:51  SCV  
  49  6:03  Barracks Tech Lab x2, SCV  
  50  6:05  Marine  
  52  6:12  Orbital Command  
  52  6:13  Refinery  
  52  6:15  Terran Infantry Weapons Level 1, SCV  
  52  6:23  Marine x3  
  52  6:25  Stimpack, Combat Shields  
  55  6:27  Marine  
  55  6:28  SCV  
  55  6:31  Supply Depot  
  57  6:39  Siege Tank  
  60  6:40  SCV  
  60  6:41  Marine x2, SCV  
  60  6:46  Medivac  
  66  6:52  SCV  
  66  6:53  SCV  
  68  6:54  Supply Depot, Marine  
  68  6:55  Marine  
  68  6:59  Marine x2  
  72  7:04  SCV  
  72  7:06  Supply Depot  
  73  7:08  Medivac  
  73  7:12  Marine x2  
  73  7:14  SCV  
  78  7:16  Medivac, SCV  
  78  7:18  Supply Depot  
  81  7:26  SCV  
  81  7:27  Refinery  
  81  7:29  Command Center  
  82  7:31  SCV  
  83  7:38  SCV  
  83  7:41  Supply Depot  
  83  7:43  SCV  
  85  7:50  Supply Depot, SCV  
  86  7:53  Marine x2  
  86  7:54  Marine x2  
  86  7:55  SCV  
  91  8:04  Engineering Bay  
  91  8:05  Barracks x2  
  91  8:07  Armory  
  91  8:10  SCV  
  91  8:11  Marine  
  91  8:12  SCV  
  93  8:25  Marine  
  93  8:26  Marine x2  
  93  8:27  Medivac  
  98  8:29  Marine  
  98  8:32  Siege Tank  
  100  8:41  SCV  
  100  8:43  Marine x3  
  100  8:47  Marine  
  99  8:52  SCV  
  99  8:54  SCV  
Tags
 
Composition
MMM Bio
Matchup
TvT
Opening
1/1/11/1/1
Race
Terran
Strategy
Banshee Rush
Add a new tag
Caveats
  • Supply blocks, unpowered buildings, or Contaminate may cause inaccurate times.
  • Supply counts are checked every 10 seconds.